Map: Frostline LE

Players

wootwoot - Winner!

  • Race: Terran Terran
  • League: Diamond
  • Spawn Location: 1:00

Obshort

  • Race: Zerg Zerg
  • League: Diamond
  • Spawn Location: 7:00

VOD

Have the link to the VOD?

Description

Time

  • Played on: April 22, 2025, 9:02 a.m.
  • Length: 7:42
Show
View Real Time Build Order
Export as new Build Order

wootwoot Terran - Winner!

Build Orders: 2 Factory, Gas First Reaper Expand 

Get SALT Encoding   

  12  0:01  SCV  
  13  0:13  SCV  
  14  0:18  Supply Depot  
  14  0:25  SCV  
  15  0:31  Refinery  
  15  0:40  SCV  
  16  0:56  SCV, Barracks  
  17  1:08  SCV  
  18  1:17  Engineering Bay  
  18  1:20  SCV  
  19  1:43  Orbital Command  
  19  1:44  Reaper  
  20  2:02  Command Center  
  20  2:06  Factory  
  20  2:10  SCV  
  21  2:16  Refinery  
  21  2:20  Barracks Reactor  
  21  2:22  SCV  
  22  2:32  Supply Depot  
  22  2:34  SCV  
  23  2:53  SCV  
  23  2:57  Factory  
  24  3:03  Hellion x2  
  28  3:06  SCV  
  29  3:14  Orbital Command  
  29  3:17  Barracks Tech Lab  
  29  3:18  SCV  
  30  3:30  SCV  
  30  3:31  Hellion x2  
  35  3:39  Orbital Command  
  35  3:42  SCV  
  35  3:47  Mag-Field Accelerator  
  35  3:48  Cyclone  
  39  3:54  SCV  
  40  4:03  Supply Depot  
  40  4:05  Supply Depot  
  40  4:06  SCV  
  40  4:09  SCV  
  42  4:18  SCV  
  42  4:21  SCV  
  44  4:30  SCV  
  45  4:33  SCV  
  45  4:34  Factory  
  45  4:35  Factory x2  
  46  4:42  SCV  
  46  4:45  SCV  
  48  4:46  Cyclone, Refinery x2  
  51  4:54  SCV  
  51  4:56  Supply Depot  
  51  4:57  Supply Depot, SCV  
  53  5:07  SCV  
  54  5:09  SCV  
  55  5:19  Supply Depot, SCV  
  56  5:21  SCV  
  56  5:28  Factory Reactor, Factory Tech Lab x2  
  57  5:30  Cyclone  
  57  5:31  SCV, Hellion x2  
  57  5:33  SCV  
  66  5:43  Supply Depot, SCV  
  66  5:46  Infernal Pre-Igniter  
  66  5:48  Cyclone x2  
  73  5:54  Hellion x2  
  77  6:04  Cyclone  
  77  6:05  Hellion x2  
  77  6:06  Supply Depot  
  84  6:15  Hellion  
  86  6:20  Cyclone x2  
  86  6:23  Hellion  
  94  6:26  Supply Depot  
  94  6:28  Hellion x2  
  94  6:29  Supply Depot  
  98  6:37  Hellion  
  100  6:47  Cyclone, Hellion  
  100  6:49  Hellion  
  100  6:52  Cyclone x2  
  95  7:16  Widow Mine  
  95  7:17  Widow Mine x2  
Show
View Real Time Build Order
Export as new Build Order

Obshort Zerg 

Build Orders: Pool First 

Get SALT Encoding   

  12  0:00  Drone  
  13  0:15  Drone  
  13  0:18  Overlord  
  14  0:36  Drone  
  14  0:37  Drone  
  16  0:43  Spawning Pool  
  16  0:46  Drone  
  16  1:13  Drone  
  16  1:31  Zergling x2  
  16  1:32  Queen, Zergling x2  
  20  1:34  Zergling x2  
  21  1:44  Overlord  
  21  2:01  Hatchery  
  20  2:04  Drone  
  20  2:07  Extractor  
  20  2:09  Drone  
  20  2:15  Drone, Queen  
  24  2:28  Drone  
  24  2:37  Drone  
  25  2:45  Drone  
  26  2:56  Drone x2  
  26  2:57  Drone  
  27  3:10  Drone  
  27  3:11  Queen  
  30  3:15  Queen  
  30  3:16  Drone x3  
  35  3:23  Overlord  
  35  3:24  Overlord  
  35  3:25  Metabolic Boost  
  35  3:35  Drone  
  36  3:43  Drone x3  
  39  3:50  Drone x2, Queen  
  39  3:53  Lair  
  43  3:58  Extractor  
  43  4:01  Evolution Chamber  
  41  4:03  Drone  
  41  4:04  Drone  
  41  4:06  Extractor  
  41  4:08  Extractor  
  41  4:09  Overlord  
  41  4:15  Drone x2  
  41  4:16  Drone  
  44  4:26  Drone x2, Evolution Chamber  
  45  4:34  Drone x4  
  49  4:39  Queen  
  49  4:42  Drone  
  52  4:51  Spire  
  51  4:57  Drone  
  51  4:59  Overlord  
  52  5:00  Overlord  
  52  5:01  Overseer  
  52  5:09  Overlord  
  52  5:23  Overlord  
  52  5:33  Drone x2  
  54  5:54  Hatchery  
  53  6:04  Mutalisk x7  
  53  6:06  Overlord  
  53  6:07  Overlord x2  
  67  6:21  Overlord  
  67  6:22  Overlord  
  67  6:29  Mutalisk  
  67  6:30  Mutalisk x2  
  73  6:36  Overlord  
  73  6:44  Zergling x2  
  73  6:45  Zergling x10  
  73  6:46  Queen  
  42  7:09  Mutalisk x4  
Tags
 
Add a new tag
Caveats
  • Supply blocks, unpowered buildings, or Contaminate may cause inaccurate times.
  • Supply counts are checked every 10 seconds.